 Dungeon Crawl Stone Soup version 0.30-a0-696-g2367cd04db (webtiles) character file.

Game seed: 6440418388716031875

49 nucleargodhead the Trooper (level 3, -3/34 HPs)
             Began as a Minotaur Berserker on Jan 20, 2023.
             Was a Follower of Trog.
             Slain by an adder (4 damage)
             ... on level 2 of the Dungeon.
             The game lasted 00:01:05 (1150 turns).

nucleargodhead the Trooper (Minotaur Berserker)     Turns: 1150, Time: 00:01:05

Health: -3/34      AC:  2    Str: 21    XL:     3   Next: 53%
Magic:  2/2        EV: 12    Int:  4    God:    Trog [*.....]
Gold:   97         SH:  0    Dex: 11    Spells: 2/2 levels left

rFire   . . .      SeeInvis .    a - +0 falchion
rCold   . . .      Faith    .    (no shield)
rNeg    . . .      Spirit   .    b - +0 animal skin
rPois   .          Reflect  .    (helmet restricted)
rElec   .          Harm     .    (no cloak)
rCorr   .          Rampage  .    (no gloves)
Will    .....                    (no boots)
Stlth   +                        (no amulet)
HPRegen 0.25/turn                (no ring)
MPRegen 0.08/turn                (no ring)

@: lethally poisoned (-3 -> -7), on berserk cooldown, slowed, very slow
A: horns 2, retaliatory headbutt
a: Renounce Religion, Berserk


You were on level 2 of the Dungeon.
You worshipped Trog.
Trog was aware of your devotion.
You visited 1 branch of the dungeon, and saw 2 of its levels.

You collected 97 gold pieces.

Inventory:

Hand Weapons
 a - a +0 falchion (weapon)
Missiles
 e - a throwing net (quivered)
Armour
 b - a +0 animal skin (worn)
Scrolls
 f - 2 scrolls of identify {unknown}
 g - 2 scrolls of blinking {unknown}
 i - a scroll of teleportation {unknown}
 j - a scroll of vulnerability {unknown}
 k - a scroll of enchant weapon {unknown}
Potions
 c - 2 potions of curing {unknown}
 d - a potion of haste {unknown}
 h - a potion of attraction {unknown}
 l - a potion of might {unknown}
 m - a potion of brilliance {unknown}


   Skills:
 + Level 4.7 Fighting
 + Level 4.7 Long Blades
 - Level 2.4 Armour
 - Level 2.1 Dodging


You had 2 spell levels left.
You didn't know any spells.
Your spell library was empty.

Dungeon Overview and Level Annotations

Branches:
Dungeon (2/15)

Altars:

Annotations:
D:2 Sigmund


Innate Abilities, Weirdness & Mutations

You have a pair of horns on your head.
You reflexively headbutt those who attack you in melee.


Message History

Found a faintly glowing robe.
Sigmund mumbles some strange words.
Sigmund flickers and vanishes!
Deactivating autopickup; reactivate with Ctrl-A.
No target in view!
No target in view!
Okay, then.
An adder and a kobold come into view.
The adder hisses angrily.
The kobold shouts!
You hear some strange, mumbled words.
Something tries to affect you, but you resist.
A red film seems to cover your vision as you go berserk!
You feel yourself moving faster!
You feel mighty!
You hear some strange, mumbled words.
You are confused.
You feel a strong urge to attack something.
Something hits you.
You feel your anger nearly subside.
You hear some strange, mumbled words.
A puff of flame appears from out of thin air!
The puff of flame hits you.
You see here a fizzy yellow potion.
You bump into the rock wall.
You are no longer berserk.
You are exhausted.
You feel yourself slow down. Something hits you!
You are poisoned.
You feel very sick. The adder bites you.
You're too confused to move!
You feel very sick. The adder bites you but does no damage. Something hits you!
* * * LOW HITPOINT WARNING * * *
The adder barely misses you.
You hit the adder. Your headbutt misses the adder.
The adder is heavily wounded.
You feel less confused.
* * * LOW HITPOINT WARNING * * *
You feel sick. The kobold barely misses you. The adder bites you.
You die...

.# ############ ##.#
##..........## # #..
##...>........## # ## #.#
#..............# .. .###.#
#..............##.#
.....###.................#
###...##..............###
#..)#.................#
................@S...#.....
.....>...........K{.#......
.........#.##)#####.#......
.........#.##.# #.# ...[.
........<...... #.. ..[..
....>....####?.# .... ....
.........# ..# ##.......
#.#.### ..# ##.. .... ...
...


You could see an adder and a kobold.

Vanquished Creatures
  Terence (D:2)
  A gnoll (D:1)
  2 giant cockroaches (D:1)
  3 hobgoblins
  A quokka (D:1)
  A bat (D:1)
  4 frilled lizards (D:1)
  3 rats
16 creatures vanquished.

Notes
Turn   | Place    | Note
-------+----------+-------------------------------------------
     0 | D:1      | nucleargodhead the Minotaur Berserker began the quest for
                  | the Orb.
     0 | D:1      | Reached XP level 1. HP: 19/19 MP: 0/0
   403 | D:1      | Reached XP level 2. HP: 27/27 MP: 1/1
  1036 | D:2      | Noticed Terence
  1044 | D:2      | Killed Terence
  1045 | D:2      | Reached XP level 3. HP: 17/34 MP: 2/2
  1139 | D:2      | Noticed Sigmund
  1150 | D:2      | HP: 1/34 [poisoned by Sigmund]
  1150 | D:2      | Slain by an adder

Illustrated notes

Levels and vault maps discovered:
D:1:      psy_arrival_whirlpool, layout_basic
D:2:      layout_rooms, basic_altar, pf_guarded_unrand_delatra, uniq_terence,
          uniq_sigmund

Skill      XL: |  1 |
---------------+----+-----
Fighting       | 4 |  4.7
Long Blades    | 4 |  4.7
Armour         | |  2.4
Dodging        | |  2.1

Action                   || total
-------------------------++-------
Melee: Falchion          ||    39
       Headbutt          ||     4
       Punch             ||     1
Invok: Berserk           ||     2
Armor: Animal skin       ||     2
Dodge: Dodged            ||    25

Table legend: (Time is in decaauts)
 A = Elapsed time spent in this place.
 B = Non-inter-level travel time spent in this place.
 C = Inter-level travel time spent in this place.
 D = Time resting spent in this place.
 E = Time spent auto-exploring this place.
 F = Levels seen in this place.
 G = Mean time per level.
                   A        B        C        D        E       F      G
               +--------+--------+--------+--------+--------+-----+--------+
         Total |   1167 |   1119 |     48 |    109 |    888 |   2 |  583.5 |
       Dungeon |   1167 |   1119 |     48 |    109 |    888 |   2 |  583.5 |
               +--------+--------+--------+--------+--------+-----+--------+

Top non-repeatable levels by time:
     D:1: 988 daAuts
     D:2: 179 daAuts
